Map: Costas tropicales

Players

MrFercho

  • Race: Terran Terran
  • Spawn Location: 6:00

tigro

  • Race: Terran Terran
  • Spawn Location: 6:00

IA (Media)

  • Race: Zerg Zerg
  • Spawn Location: 5:00

IA (Media)

  • Race: Terran Terran
  • Spawn Location: 11:00

IA (Media)

  • Race: Zerg Zerg
  • Spawn Location: 12:00

IA (Media)

  • Race: Zerg Zerg
  • Spawn Location: 5:00

VOD

Have the link to the VOD?

Description

Time

  • Played on: Nov. 19, 2018, 3:47 p.m.
  • Length: 17:11
Show
View Real Time Build Order
Export as new Build Order

MrFercho Terran 

Build Orders:  

Get SALT Encoding   

  12  0:03  SCV  
  13  0:28  SCV  
  14  0:43  Supply Depot  
  14  1:11  Barracks  
  14  1:58  Barracks  
  14  2:05  Supply Depot  
  14  2:08  Marine  
  15  2:26  Marine  
  15  2:27  Supply Depot  
  15  2:44  Marine  
  15  2:47  Barracks  
  15  3:02  Marine  
  15  3:13  Marine  
  15  3:20  Marine  
  16  3:31  Marine  
  16  3:37  Marine  
  15  3:49  Marine  
  15  3:55  Marine  
  17  4:07  Marine  
  18  4:13  Marine  
  19  4:21  Refinery  
  17  4:25  Marine  
  13  5:08  Engineering Bay  
  13  5:15  Marine x3  
  15  5:41  Barracks Tech Lab  
  14  6:03  Barracks Tech Lab  
  12  6:06  Barracks Tech Lab  
  12  6:09  Marauder  
  14  6:15  SCV  
  15  6:27  SCV  
  15  6:31  Marauder  
  19  6:40  SCV  
  19  6:57  Planetary Fortress  
  19  7:39  Marauder  
  19  7:40  Marauder x2  
  25  8:00  Marine x2  
  25  8:01  Marine  
  25  9:11  SCV  
  25  9:16  Refinery  
  26  9:23  SCV  
  27  9:35  SCV  
  28  9:46  Command Center  
  28  9:47  SCV  
  29  9:59  SCV  
  30  10:16  Refinery  
  30  10:17  Refinery  
  15  11:31  Marauder x3  
  21  11:52  Marine  
  21  11:53  Marauder x2  
  22  12:10  Marine  
  22  12:14  Marine x2  
  20  12:28  Marine  
  19  13:11  SCV x2  
  21  13:23  SCV x2  
  23  13:33  Marauder x3  
  29  13:35  SCV x2  
  31  13:47  SCV x2  
  29  13:59  SCV x2  
  29  14:00  Factory  
  31  14:04  Factory  
  31  14:08  Factory  
  23  15:01  Command Center  
  23  15:04  Refinery  
  22  15:38  Factory Tech Lab x2  
Show
View Real Time Build Order
Export as new Build Order

tigro Terran 

Build Orders:  

Get SALT Encoding   

  12  0:04  SCV  
  13  0:21  Supply Depot  
  13  0:46  Engineering Bay  
  13  0:49  Refinery  
  13  1:05  Barracks  
  13  1:12  SCV  
  14  1:24  SCV  
  14  1:25  Refinery  
  15  1:37  Barracks  
  15  1:57  Marine  
  16  2:13  Missile Turret  
  16  2:14  Marine  
  17  2:32  Marine  
  17  2:35  Marine  
  18  2:50  Marine  
  19  2:53  Marine  
  19  2:54  Missile Turret  
  20  3:04  Barracks  
  20  3:08  Marine  
  20  3:11  Marine  
  19  3:26  Marine  
  20  3:29  Marine  
  20  3:44  Marine  
  20  3:46  Marine  
  21  3:52  Marine  
  22  4:01  Marine  
  23  4:12  Marine  
  23  4:13  Marine  
  22  4:19  Marine  
  21  4:30  Marine  
  20  4:31  Marine  
  20  4:37  Marine  
  20  4:38  Factory  
  21  4:48  Marine  
  21  4:49  Marine  
  23  4:55  Marine  
  22  5:06  Marine  
  23  5:22  Marine  
  23  5:24  Marine  
  23  5:26  Marine  
  22  5:40  Reaper  
  22  5:42  Marine  
  23  6:15  Marine  
  23  6:25  Marine  
  23  6:27  Marine  
  21  6:33  Marine  
  20  6:41  Supply Depot  
  20  6:42  Factory Tech Lab  
  20  6:44  Reaper  
  20  6:45  Marine  
  22  6:51  Marine  
  22  6:53  Missile Turret  
  23  7:08  Marine  
  23  7:30  Siege Tank  
  26  7:42  Armory  
  25  8:02  Siege Tank  
  24  8:34  Siege Tank  
  26  8:46  Barracks Tech Lab  
  25  8:49  Marine  
  25  8:53  Reaper  
  26  9:07  Marine  
  27  9:10  Missile Turret  
  27  9:24  Marine  
  27  9:25  Reaper  
  28  9:42  Marine  
  29  9:57  Reaper  
  29  9:59  Terran Vehicle Weapons Level 1, Missile Turret  
  30  10:00  Marine  
  31  10:34  SCV, Reaper  
  31  10:42  Marauder  
  28  10:46  SCV  
  22  11:04  Marauder  
  24  11:11  Marine  
  25  11:19  SCV  
  25  11:25  Marauder  
  24  11:29  Marine  
  25  11:40  Marine  
  25  11:46  Marauder  
  28  11:47  Marine  
  29  11:58  Marine  
  30  12:05  Marine  
  31  12:10  Planetary Fortress  
  31  12:23  Marine  
  31  12:27  Marine  
  31  12:42  Missile Turret  
  31  12:51  Marauder  
  31  12:55  Marine  
  31  12:58  Marine  
  31  13:05  Siege Tank  
  31  13:16  Marine  
  23  13:38  Barracks Tech Lab  
  23  13:40  Marine  
  24  13:45  Marine  
  24  13:47  Siege Tank  
  28  13:58  Marine  
  28  14:01  Starport  
  27  14:03  Marine  
  28  14:16  Marine  
  26  14:18  Marine  
  26  14:20  Marine  
  24  14:33  Marine  
  25  14:38  Marine  
  25  14:39  Marine  
  23  14:50  Siege Tank  
  23  14:52  Marauder  
  27  14:56  Marine  
  27  14:57  Marine  
  29  15:12  Missile Turret  
  29  15:13  Marauder  
  31  15:29  Marine  
  31  15:30  Marine  
  30  15:40  Marauder  
  27  15:47  Marine  
  27  15:48  Marine  
  25  15:53  Siege Tank  
  25  16:01  Marauder  
  27  16:05  Marine  
  27  16:06  Marine  
  25  16:22  Marauder  
  25  16:23  Marine x2  
  16  16:50  Marine  
Show
View Real Time Build Order
Export as new Build Order

IA (Media) Zerg 

Build Orders: Hatch First 

Get SALT Encoding   

  12  0:01  Drone  
  13  0:12  Overlord  
  13  0:18  Drone  
  14  0:31  Drone  
  14  0:33  Drone  
  16  0:36  Drone  
  17  0:58  Hatchery, Drone  
  17  1:14  Spawning Pool  
  17  1:15  Drone  
  17  1:18  Drone  
  17  1:21  Extractor  
  17  1:23  Drone  
  18  1:30  Overlord  
  18  2:02  Zergling x2  
  18  2:03  Queen  
  18  2:04  Zergling x2, Roach Warren  
  18  2:05  Drone  
  18  2:06  Extractor  
  21  2:09  Drone  
  22  2:43  Overlord  
  24  2:44  Roach  
  24  2:49  Extractor  
  24  2:50  Drone  
  23  3:02  Roach  
  23  3:03  Extractor, Lair  
  23  3:14  Drone  
  23  3:19  Drone  
  25  3:20  Roach  
  25  3:22  Drone  
  28  3:27  Drone  
  25  3:35  Zergling x2  
  25  3:39  Drone  
  27  3:44  Drone  
  28  3:49  Drone  
  28  3:51  Drone  
  28  3:54  Drone  
  29  4:02  Zergling x2  
  29  4:05  Hydralisk Den  
  28  4:12  Drone  
  28  4:16  Drone  
  30  4:19  Drone  
  30  4:20  Roach  
  32  4:38  Hydralisk  
  32  4:40  Overlord  
  32  4:43  Drone  
  35  4:46  Drone  
  35  4:50  Drone  
  37  4:54  Drone  
  37  4:56  Roach  
  37  4:58  Drone  
  41  5:01  Drone  
  41  5:04  Drone  
  43  5:08  Overlord  
  39  5:14  Hydralisk  
  41  5:21  Drone  
  41  5:24  Drone  
  41  5:27  Drone  
  44  5:30  Drone  
  44  5:33  Drone, Roach  
  48  5:36  Drone  
  49  5:45  Drone  
  49  5:47  Overlord  
  49  5:48  Drone  
  51  5:50  Hydralisk  
  51  5:51  Drone  
  51  5:55  Drone  
  51  6:04  Drone  
  51  6:07  Drone  
  51  6:08  Zergling x2  
  54  6:15  Overlord  
  54  6:17  Drone  
  55  6:20  Drone  
  55  6:23  Drone  
  57  6:26  Roach  
  57  6:29  Overseer  
  57  6:30  Overseer  
  57  6:32  Drone  
  58  6:35  Drone  
  58  6:38  Overlord, Drone  
  57  6:49  Zergling x2  
  57  6:51  Baneling Nest  
  57  6:54  Evolution Chamber  
  57  6:55  Drone  
  57  6:57  Spore Crawler  
  57  6:58  Drone  
  57  7:00  Overlord  
  58  7:01  Drone  
  58  7:05  Spore Crawler  
  58  7:06  Hydralisk  
  58  7:08  Spore Crawler  
  58  7:09  Drone  
  58  7:10  Spore Crawler  
  58  7:12  Drone  
  56  7:18  Queen  
  58  7:23  Queen  
  58  7:24  Hydralisk  
  58  7:29  Infestation Pit  
  61  7:32  Drone, Spine Crawler  
  61  7:38  Spine Crawler  
  61  7:39  Drone  
  61  7:40  Spine Crawler  
  61  7:42  Drone  
  61  7:43  Zergling x2  
  62  7:47  Drone, Spine Crawler  
  62  7:55  Drone, Spire  
  62  8:01  Roach  
  64  8:10  Evolution Chamber  
  64  8:11  Drone  
  64  8:19  Hydralisk  
  63  8:32  Queen  
  61  8:37  Roach  
  61  8:55  Roach  
  61  9:07  Roach, Pneumatized Carapace  
  61  9:08  Overlord, Overseer  
  61  9:09  Zerg Ground Armor Level 1  
  61  9:10  Burrow  
  61  9:15  Roach  
  63  9:20  Overseer  
  63  9:22  Hydralisk  
  65  9:28  Overlord  
  65  9:29  Hatchery  
  65  9:30  Hydralisk  
  60  9:39  Zergling x2  
  60  9:44  Evolution Chamber  
  58  9:46  Overlord, Hydralisk  
  58  9:49  Queen  
  55  9:55  Roach  
  55  9:58  Drone  
  52  10:01  Drone  
  52  10:02  Hydralisk  
  52  10:04  Drone  
  51  10:07  Drone  
  51  10:10  Drone  
  51  10:11  Roach  
  51  10:13  Drone  
  53  10:19  Infestor  
  53  10:22  Drone  
  53  10:23  Hive  
  53  10:25  Drone  
  53  10:27  Roach  
  53  10:28  Evolution Chamber  
  55  10:31  Drone  
  55  10:34  Overseer, Drone x4  
  55  10:35  Roach  
  52  10:37  Drone  
  52  10:40  Drone  
  52  10:42  Baneling Nest, Hydralisk  
  47  10:43  Queen  
  47  10:47  Drone  
  43  10:51  Drone, Roach  
  43  10:53  Zerg Melee Weapons Level 1  
  43  10:55  Drone  
  47  10:58  Hydralisk  
  47  10:59  Drone  
  47  11:02  Drone  
  47  11:04  Zerg Missile Weapons Level 1  
  49  11:06  Infestor  
  51  11:14  Hydralisk  
  51  11:19  Drone  
  51  11:22  Hydralisk, Drone  
  51  11:24  Drone  
  54  11:27  Drone, Spore Crawler  
  54  11:30  Drone  
  54  11:31  Zergling x2, Spore Crawler  
  55  11:33  Drone  
  55  11:38  Hydralisk  
  56  11:42  Drone  
  56  11:45  Drone  
  56  11:47  Roach  
  60  11:48  Drone  
  60  11:50  Hydralisk  
  60  11:51  Drone  
  60  11:53  Drone  
  63  11:55  Roach  
  63  11:56  Drone  
  63  11:59  Drone  
  66  12:01  Spine Crawler  
  66  12:03  Roach  
  66  12:04  Drone  
  66  12:07  Drone  
  69  12:09  Drone  
  69  12:10  Roach x2  
  69  12:12  Drone  
  69  12:15  Drone  
  72  12:18  Roach, Drone  
  71  12:25  Drone  
  71  12:26  Roach  
  68  12:33  Hydralisk  
  68  12:35  Roach  
  64  12:39  Overlord  
  64  12:42  Roach x2  
  66  12:49  Hydralisk  
  68  12:55  Spine Crawler  
  68  12:58  Queen, Drone, Roach  
  65  13:01  Overlord, Hydralisk  
  62  13:06  Roach  
  62  13:12  Drone  
  63  13:14  Roach  
  63  13:15  Drone  
  63  13:18  Drone  
  67  13:20  Overlord, Drone  
  67  13:21  Queen  
  67  13:22  Zergling x2  
  67  13:27  Queen  
  67  13:29  Hydralisk  
  71  13:37  Hydralisk  
  69  13:41  Greater Spire  
  69  13:44  Hydralisk  
  71  13:49  Ultralisk Cavern  
  71  13:52  Overlord, Roach  
  71  13:55  Viper, Evolution Chamber  
  72  13:59  Infestor  
  73  14:06  Hydralisk  
  75  14:12  Overlord  
  75  14:13  Infestor  
  77  14:19  Viper  
  77  14:21  Roach  
  82  14:25  Zerg Melee Weapons Level 2  
  82  14:28  Roach  
  84  14:32  Overlord  
  84  14:35  Hydralisk  
  86  14:43  Roach  
  88  14:48  Extractor  
  88  14:50  Roach  
  89  14:53  Extractor  
  89  14:56  Hydralisk  
  90  15:04  Ultralisk  
  96  15:07  Zerg Flyer Weapons Level 1  
  96  15:11  Zergling x2  
  96  15:12  Drone  
  98  15:15  Drone  
  98  15:18  Drone  
  98  15:19  Ultralisk  
  98  15:21  Drone  
  107  15:26  Ultralisk  
  113  15:33  Corruptor  
  115  15:41  Roach  
  112  15:48  Zergling x2  
  107  15:55  Roach  
  105  16:02  Infestor  
  107  16:10  Roach  
  109  16:17  Spire  
  109  16:18  Roach, Drone  
  111  16:25  Infestor  
  113  16:34  Hatchery  
  113  16:36  Drone  
Show
View Real Time Build Order
Export as new Build Order

IA (Media) Terran 

Build Orders:  

Get SALT Encoding   

  12  0:01  SCV  
  13  0:13  SCV  
  14  0:19  Supply Depot  
  14  0:25  SCV  
  15  0:41  SCV  
  16  0:45  Barracks  
  16  0:51  Refinery  
  16  0:53  SCV  
  17  1:05  SCV  
  18  1:19  Supply Depot  
  18  1:33  Marine  
  18  1:35  Barracks  
  18  1:36  Orbital Command  
  19  1:45  Refinery  
  19  1:51  Barracks Tech Lab  
  19  2:10  Marine  
  19  2:12  Supply Depot  
  20  2:23  Marine  
  20  2:27  SCV  
  20  2:37  Marine  
  20  2:39  SCV  
  22  2:50  Marine  
  23  3:04  Marine  
  22  3:09  Supply Depot  
  22  3:18  Marine, SCV  
  20  3:30  SCV  
  20  3:32  Marine  
  15  3:42  SCV  
  10  3:50  Marauder  
  10  3:54  SCV  
  9  3:59  Marine  
  8  4:06  SCV  
  7  4:13  Marine  
Show
View Real Time Build Order
Export as new Build Order

IA (Media) Zerg 

Build Orders: Hatch First 

Get SALT Encoding   

  12  0:01  Drone  
  13  0:13  Overlord  
  13  0:18  Drone  
  14  0:31  Drone  
  14  0:34  Drone  
  16  0:36  Drone  
  17  0:52  Hatchery  
  17  0:57  Drone  
  17  1:11  Spawning Pool  
  17  1:13  Drone  
  17  1:16  Drone  
  18  1:20  Extractor  
  18  1:22  Drone  
  18  1:29  Overlord  
  18  2:00  Zergling x2  
  18  2:01  Zergling x2, Queen  
  22  2:02  Roach Warren, Drone  
  22  2:03  Extractor  
  22  2:06  Drone  
  22  2:38  Zergling x2  
  22  2:39  Drone  
  22  2:43  Roach  
  22  2:44  Zergling x2, Roach  
  27  2:45  Roach  
  27  2:49  Overlord  
  29  3:00  Drone  
  29  3:03  Drone  
  29  3:05  Lair  
  31  3:08  Roach  
  33  3:17  Drone  
  34  3:21  Drone  
  34  3:25  Drone  
  36  3:38  Overlord  
  36  3:50  Drone  
  36  3:54  Drone  
  38  3:57  Drone  
  38  4:00  Extractor, Drone  
  39  4:03  Drone  
  39  4:06  Drone  
  39  4:07  Hydralisk Den  
  39  4:09  Drone  
  41  4:15  Overlord  
  41  4:18  Drone  
  41  4:22  Drone  
  43  4:29  Drone  
  44  4:32  Drone  
  45  4:40  Drone  
  45  4:43  Hydralisk  
  48  4:50  Overlord  
  48  4:54  Drone  
  48  4:57  Overseer  
  48  4:59  Overseer  
  49  5:01  Drone  
  49  5:04  Hydralisk  
  52  5:07  Baneling Nest  
  52  5:10  Evolution Chamber  
  52  5:12  Drone  
  51  5:14  Spore Crawler  
  51  5:15  Drone  
  51  5:19  Drone  
  51  5:20  Overlord  
  52  5:23  Drone  
  52  5:26  Drone  
  54  5:29  Roach  
  54  5:33  Spore Crawler  
  55  5:36  Spore Crawler  
  55  5:37  Drone  
  55  5:40  Drone  
  55  5:42  Spore Crawler  
  55  5:43  Drone  
  55  5:46  Drone  
  55  5:49  Drone, Hydralisk  
  60  5:52  Drone  
  61  5:57  Spine Crawler  
  61  5:58  Drone  
  61  6:00  Spine Crawler  
  61  6:01  Drone  
  61  6:09  Spine Crawler, Drone  
  61  6:10  Ravager x3  
  61  6:11  Hydralisk  
  64  6:12  Drone  
  64  6:14  Overlord  
  64  6:16  Drone  
  68  6:20  Drone  
  68  6:24  Drone  
  70  6:30  Drone  
  71  6:34  Overlord  
  71  6:35  Spine Crawler  
  70  6:40  Drone, Roach  
  70  6:42  Queen  
  70  6:43  Drone  
  70  6:46  Drone  
  77  6:49  Queen  
  79  6:55  Overlord, Infestation Pit  
  79  6:57  Drone  
  79  7:00  Roach  
  81  7:07  Drone, Spire  
  81  7:09  Evolution Chamber  
  81  7:10  Drone  
  81  7:20  Roach  
  83  7:45  Extractor  
  83  7:47  Drone  
  83  7:52  Overseer  
  83  7:53  Overlord  
  83  8:08  Drone  
  83  8:10  Drone  
  85  8:13  Drone  
  86  9:39  Infestor  
  86  9:40  Overlord, Pneumatized Carapace  
  86  9:41  Overseer  
  86  9:42  Zerg Melee Weapons Level 1, Zerg Ground Armor Level 1  
  86  9:43  Burrow  
  88  9:46  Infestor  
  88  9:50  Hatchery  
  89  9:54  Infestor  
  89  9:59  Overlord  
  91  10:01  Roach  
  93  10:08  Infestor  
  95  10:15  Infestor  
  97  10:22  Infestor  
  99  10:32  Zergling x2  
  98  10:55  Hive  
  94  11:01  Drone  
  94  11:02  Queen  
  94  11:03  Roach  
  95  11:04  Drone  
  95  11:07  Drone  
  95  11:10  Drone, Roach  
  95  11:11  Extractor  
  91  11:13  Drone, Spore Crawler  
  91  11:14  Overseer  
  91  11:16  Drone, Spore Crawler  
  91  11:17  Roach  
  88  11:18  Extractor  
  88  11:19  Overseer  
  88  11:20  Drone  
  88  11:21  Spore Crawler  
  88  11:22  Drone  
  88  11:25  Drone, Roach  
  88  11:32  Roach  
  87  11:36  Zerg Missile Weapons Level 1  
  87  11:41  Spine Crawler  
  87  11:42  Drone  
  87  11:44  Spine Crawler  
  87  11:45  Drone  
  87  12:06  Greater Spire  
  87  12:14  Drone, Ultralisk Cavern  
  87  13:21  Spire  
  87  13:22  Drone  
  87  13:24  Mutalisk  
  87  13:25  Overlord, Viper  
  87  13:26  Zerg Flyer Weapons Level 1  
  92  13:30  Mutalisk  
  94  13:37  Mutalisk  
  96  13:43  Mutalisk  
  96  13:44  Overlord  
  98  13:49  Mutalisk  
  100  13:56  Corruptor  
  100  14:00  Zerg Missile Weapons Level 2  
  100  14:01  Viper  
  100  14:02  Overlord, Mutalisk  
  105  14:09  Mutalisk  
  109  14:15  Mutalisk  
  108  14:22  Mutalisk  
  106  14:28  Mutalisk  
  106  14:34  Zerg Flyer Armor Level 1  
  106  14:35  Corruptor, Zerg Ground Armor Level 2  
  108  14:41  Corruptor  
  106  15:20  Hatchery  
  103  15:22  Drone  
  94  16:33  Queen  
  96  17:01  Extractor  
  95  17:03  Spore Crawler  
  95  17:04  Extractor  
  95  17:08  Spore Crawler  
Show
View Real Time Build Order
Export as new Build Order

IA (Media) Zerg 

Build Orders: 1 Base Baneling Bust, Pool Only 

Get SALT Encoding   

  12  0:01  Drone  
  13  0:12  Overlord  
  13  0:18  Drone  
  14  0:30  Drone  
  14  0:33  Drone  
  16  0:45  Spawning Pool  
  16  0:46  Drone  
  16  0:50  Drone  
  16  0:54  Extractor  
  16  0:56  Drone  
  17  1:06  Overlord  
  17  1:32  Zergling x2, Queen  
  18  1:38  Zergling x2, Drone  
  18  1:39  Roach Warren  
  21  1:41  Extractor  
  20  1:49  Drone  
  21  1:56  Baneling Nest  
  21  2:00  Drone  
  21  2:10  Drone  
  22  2:21  Zergling x2  
  22  2:32  Zergling x2  
  23  2:39  Zergling x2, Overlord  
  24  2:45  Zergling x2  
  24  2:51  Zergling x2  
  26  2:57  Zergling x2  
  28  3:05  Zergling x2  
  28  3:12  Zergling x2  
  29  3:13  Drone  
  29  3:18  Zergling x2  
  28  3:23  Zergling x2  
  28  3:29  Queen  
  29  3:35  Zergling x2  
  28  3:42  Zergling x2  
  29  3:51  Zergling x2  
  30  4:02  Zergling x2  
  29  4:07  Baneling  
  29  4:08  Baneling  
  29  4:09  Baneling x2  
  29  4:10  Baneling x2  
  29  4:12  Zergling x2  
  30  4:22  Zergling x2  
  25  4:32  Baneling  
  26  4:38  Zergling x2  
  26  4:45  Zergling x2  
  27  4:50  Zergling x2  
  27  4:56  Zergling x2  
  28  5:02  Zergling x2  
  27  5:09  Zergling x2  
  27  5:15  Zergling x2  
  26  5:21  Zergling x2  
  26  5:28  Zergling x2  
  26  5:34  Zergling x2  
  27  5:40  Zergling x2  
  25  5:44  Queen  
  25  5:46  Zergling x2  
  25  5:52  Zergling x2, Drone  
  25  5:56  Drone  
  23  5:58  Baneling  
  23  5:59  Baneling  
  23  6:04  Overlord  
  20  6:15  Drone  
  14  6:26  Zergling x2  
  13  6:36  Drone  
  7  6:47  Drone  
  7  6:51  Roach  
  7  6:54  Drone  
  10  7:05  Drone  
  10  7:12  Drone  
  9  7:21  Drone  
  10  7:27  Drone  
  11  7:35  Drone  
  12  7:42  Drone  
  13  7:53  Drone  
  13  8:32  Spawning Pool  
Tags
 
Add a new tag
Caveats
  • Supply blocks, unpowered buildings, or Contaminate may cause inaccurate times.
  • Supply counts are checked every 10 seconds.